 Dungeon Crawl Stone Soup version 0.19.0-19-g8c6edcc (webtiles) character file.

54 Monsterracer the Chopper (level 3, -2/31 HPs)
             Began as a Hill Orc Fighter on Nov 13, 2016.
             Slain by Natasha (5 damage)
             ... on level 2 of the Dungeon.
             The game lasted 00:03:44 (1552 turns).

Monsterracer the Chopper (Hill Orc Fighter)         Turns: 1552, Time: 00:03:44

Health: -2/31      AC:  6    Str: 25    XL:     3   Next: 91%
Magic:  3/3        EV:  7    Int:  8    God:
Gold:   66         SH:  9    Dex: 11    Spells: 0 memorised, 2 levels left

rFire  . . .     SeeInvis .     a - +0 war axe
rCold  + . .     Gourm    .     b - +0 scale mail
rNeg   . . .     Faith    .     c - +0 shield
rPois  .         Spirit   .     (no helmet)
rElec  .         Reflect  .     p - +0 cloak
rCorr  .         Harm     .     j - +0 pair of gloves
MR     .....     Rnd*Rage +     (no boots)
Stlth  ..........               (no amulet)
                                i - ring of protection from cold
                                q - ring of flight

@: mighty, slowed, very slow
A: berserk 1, deformed body, strong 1, evolution 1
a: Evoke Flight


You were on level 2 of the Dungeon.
You were not hungry.

You visited 1 branch of the dungeon, and saw 2 of its levels.

You collected 66 gold pieces.

Inventory:

Hand Weapons
 a - a +0 war axe (weapon)
Armour
 b - a +0 scale mail (worn)
 c - a +0 shield (worn)
 j - a +0 pair of gloves (worn)
 p - a +0 cloak (worn)
Jewellery
 i - a ring of protection from cold (right hand)
 q - a ring of flight (left hand)
Scrolls
 e - 2 scrolls of amnesia {unknown}
 g - a scroll of recharging {unknown}
 k - a scroll of noise {unknown}
 l - a scroll of immolation {unknown}
 m - a scroll of identify {unknown}
Potions
 n - a potion of curing
Comestibles
 f - a bread ration
 o - a chunk of flesh


   Skills:
 - Level 3.6 Fighting
 + Level 5.4 Axes
 - Level 3.2 Armour
 - Level 3.2 Shields


You had 2 spell levels left.
You didn't know any spells.

Dungeon Overview and Level Annotations

Branches:
Dungeon (2/15)

Altars:
Cheibriados

Annotations:
D:2 Natasha


Innate Abilities, Weirdness & Mutations

You tend to lose your temper in combat.
Armour fits poorly on your strangely shaped body.
Your muscles are strong. (Str +2)
You evolve.


Message History

You block Natasha's attack. The white imp hits you.
* * * LOW HITPOINT WARNING * * *
The white imp freezes you. You resist.
* * * LOW HITPOINT WARNING * * *
You closely miss Natasha. You closely miss the white imp.
Natasha claws you but does no damage. The white imp closely misses you.
You block Natasha's attack. The white imp hits you.
* * * LOW HITPOINT WARNING * * *
The white imp freezes you. You resist.
* * * LOW HITPOINT WARNING * * *
You feel very mighty all of a sudden.
Natasha growls.
Natasha claws you but does no damage.
The white imp hits you but does no damage.
Natasha barely misses you.
Your shield prevents you from hitting Natasha.
You slash the white imp!
You kill the white imp!
Natasha claws you.
You die...

...# #.####
...# #.#
#.# ...#
#.#######.#
...#
#.......#.#
...#
#######.#.#
#### #.#.#
#.#.#
#.#.#.#h#
#.._...@#
#...#.#...#
## #.#...#
# #....
######


You could see Natasha.

Vanquished Creatures
  An ooze (D:2)
  2 worms (D:2)
  2 leopard geckos (D:1)
  4 giant cockroaches (D:2)
  3 hobgoblins
  7 jackals
  6 kobolds
  2 quokkas (D:2)
  2 bats (D:1)
  2 frilled lizards
  3 goblins
  3 rats
37 creatures vanquished.

Notes
Turn   | Place    | Note
-------+----------+-------------------------------------------
     0 | D:1      | Monsterracer the Hill Orc Fighter began the quest for the Orb.
     0 | D:1      | Reached XP level 1. HP: 19/19 MP: 1/1
    33 | D:1      | Gained mutation: You tend to lose your temper in combat. [potion of mutation]
    33 | D:1      | Gained mutation: You evolve. [potion of mutation]
    33 | D:1      | Gained mutation: Armour fits poorly on your strangely shaped body. [potion of mutation]
    84 | D:1      | Reached skill level 3 in Axes
   202 | D:1      | Reached XP level 2. HP: 21/26 MP: 2/2
   495 | D:1      | Reached skill level 4 in Axes
   956 | D:2      | Reached XP level 3. HP: 25/31 MP: 3/3
  1103 | D:2      | Gained mutation: Your muscles are strong. (Str +2) [evolution]
  1284 | D:2      | Reached skill level 5 in Axes
  1531 | D:2      | Found a snail-covered altar of Cheibriados.
  1535 | D:2      | Noticed Natasha
  1552 | D:2      | Slain by Natasha

Skill      XL: |  1  2  3 |
---------------+----------+-----
Axes           | 3 4 5 |  5.4
Fighting       | |  3.6
Armour         | |  3.2
Shields        | |  3.2

Action                   || total
-------------------------++-------
Melee: War axe           ||   153
  Use: Potion            ||     5
  Eat: Chunk             ||     2
Armor: Scale mail        ||    55
Dodge: Dodged            ||    51
Block: Shield            ||    73
